 Dungeon Crawl Stone Soup version 0.20-a0-629-gc37eb77 (webtiles) character file.

1124 polly the Shield-Bearer (level 8, -1/78 HPs)
             Began as a Gargoyle Fighter on Feb 11, 2017.
             Slain by an orc warrior
             ... wielding a +0 dire flail
              (8 damage)
             ... on level 6 of the Dungeon.
             The game lasted 00:08:28 (5960 turns).

polly the Shield-Bearer (Gargoyle Fighter)          Turns: 5960, Time: 00:08:29

Health: -1/78      AC: 24    Str: 28    XL:     8   Next: 35%
Magic:  8/8        EV:  2    Int:  8    God:
Gold:   240        SH: 11    Dex:  9    Spells: 7/7 levels left

rFire    . . .     SeeInvis .   a - +0 flail
rCold    . . .     Gourm    .   (armour currently unavailable)
rNeg     + + +     Faith    .   c - +0 shield
rPois    ∞         Spirit   .   (helmet currently unavailable)
rElec    .         Reflect  .   (cloak currently unavailable)
rCorr    +         Harm     .   (gloves currently unavailable)
MR       .....     NoTele   +   (boots currently unavailable)
Stlth    +.........             (no amulet)
Regen    0.3/turn               v - ring of resist corrosion
                                (no ring)

@: mighty, tree-form, very slightly contaminated, hasted (expiring), invisible,
very quick
A: negative energy resistance 1, robust 1, (electricity resistance),
(unbreathing), petrification resistance, rot immunity, AC +5
a: no special abilities


You were on level 6 of the Dungeon.
You were hungry.
You were a tree.
You visited 1 branch of the dungeon, and saw 6 of its levels.

You collected 240 gold pieces.

Inventory:

Hand Weapons
 a - a +0 flail (weapon)
Armour
 b - a +0 scale mail (melded)
 c - a +0 shield (worn)
 y - a +0 cloak (melded)
Jewellery
 h - an uncursed ring of protection from cold
 v - a ring of resist corrosion (right branch)
Wands
 k - a wand of flame (48/48)
 x - a wand of random effects (38/48)
Scrolls
 g - a scroll of fog {unknown}
 i - a scroll of amnesia {unknown}
 j - a scroll of recharging
 l - a scroll of enchant armour {unknown}
 n - 2 scrolls of remove curse
 o - 2 scrolls of fear {unknown}
 p - a scroll of enchant weapon {unknown}
 t - a scroll of teleportation {unknown}
 w - 2 scrolls of identify {unknown}
Potions
 d - 2 potions of might
 m - a potion of lignification
 u - a potion of resistance {unknown}
 z - a potion of degeneration {unknown}
Comestibles
 f - 2 bread rations
 A - a meat ration


   Skills:
 + Level 4.9 Fighting
 + Level 5.8 Maces & Flails
 + Level 5.3 Armour
 + Level 2.6 Dodging
 + Level 1.2 Stealth
 + Level 5.9 Shields


You had 7 spell levels left.
You didn't know any spells.

Dungeon Overview and Level Annotations

Branches:
Dungeon (6/15)
 Temple: D:4-7

Altars:
Ashenzari
Hepliaklqana
Kikubaaqudgha
Sif Muna
Uskayaw


Innate Abilities, Weirdness & Mutations

You are resistant to torment.
((Your stone body is resilient. (AC +5)))
You are immune to poison.
You resist negative energy. (rN+)
((You are resistant to electric shocks. (rElec)))
((You can survive without breathing.))
You are immune to petrification.
You are immune to rotting.
You are robust. (+10% HP)


Message History

Your extra speed is starting to run out.
You block the orc warrior's attack.
The ice beast hits you but does no damage.
The orc warrior hits you from afar with a trident.
* * * LOW HITPOINT WARNING * * *
The orc hits you but does no damage.
Your shield prevents you from hitting the orc warrior.
The orc warrior is moderately wounded.
You hit the orc warrior.
The orc warrior is moderately wounded.
The ice beast hits you but does no damage.
You block the orc warrior's attack.
The orc warrior hits you but does no damage.
You block the orc's attack.
Your shield prevents you from hitting the orc warrior.
The orc warrior is moderately wounded.
The ice beast hits you but does no damage.
You block the orc's attack.
The orc warrior hits you with a dire flail!
You die...

............##
##.##
............#
#...#
.......<...##
##.##
..........##
#..#
.......)..#
#..#
.........##
#.##
........##
###.###
.......##
##Yo.).#
.......
###♣o##....[#
....###
#oo##o.......#
#oo##
.........#
...##
...........
##.
o........... #
.oo..........
#.............
.......


You could see 2 orc warriors, an ice beast, an orc wizard and 4 orcs.

Vanquished Creatures
  The ghost of polly the Shield-Bearer, an amateur GrFi (D:3)
  An orc warrior (D:6)
  A sky beast (D:5)
  2 centaurs (D:5)
  A bullfrog (D:6)
  3 scorpions
  A howler monkey (D:5)
  3 orc priests
  A hound (D:5)
  A bullfrog skeleton (D:4)
  4 orc wizards
  Robin (D:4)
  2 adders
  2 adder skeletons
  3 worms
  3 dart slugs
  2 leopard geckos
  10 orcs
  5 bats
  4 giant cockroaches
  7 hobgoblins
  6 jackals
  5 quokkas
  A ball python (D:3)
  3 frilled lizards
  16 goblins
  6 kobolds (D:1)
  10 rats
105 creatures vanquished.

Notes
Turn   | Place    | Note
-------+----------+-------------------------------------------
     0 | D:1      | polly the Gargoyle Fighter began the quest for the Orb.
     0 | D:1      | Reached XP level 1. HP: 14/14 MP: 1/1
   449 | D:1      | Reached XP level 2. HP: 18/19 MP: 2/2
  1083 | D:2      | Reached XP level 3. HP: 12/23 MP: 3/3
  1632 | D:2      | Reached XP level 4. HP: 22/28 MP: 4/4
  2316 | D:3      | Noticed polly's ghost (amateur GrFi)
  2671 | D:4      | Reached XP level 5. HP: 14/33 MP: 5/5
  2964 | D:4      | Noticed Robin
  3006 | D:4      | Killed Robin
  3286 | D:4      | Found a shattered altar of Ashenzari.
  3290 | D:4      | Found a deep blue altar of Sif Muna.
  3291 | D:4      | Found an ancient bone altar of Kikubaaqudgha.
  3291 | D:4      | Found a hazy altar of Hepliaklqana.
  3291 | D:4      | Found a hide-covered altar of Uskayaw.
  3820 | D:4      | Reached skill level 1 in Dodging
  3820 | D:4      | Reached XP level 6. HP: 31/38 MP: 6/6
  4260 | D:3      | Killed polly's ghost
  4260 | D:3      | Reached skill level 5 in Shields
  4501 | D:5      | Entered Level 5 of the Dungeon
  4767 | D:5      | Noticed a sky beast
  4806 | D:5      | Killed a sky beast
  4806 | D:5      | Reached skill level 1 in Stealth
  4806 | D:5      | Reached XP level 7. HP: 21/43 MP: 7/7
  4813 | D:5      | Gained mutation: You are robust. (+10% HP) [mutagenic meat]
  4903 | D:5      | HP: 2/48 [something (3)]
  5365 | D:5      | Reached skill level 5 in Maces & Flails
  5539 | D:5      | Reached skill level 5 in Armour
  5650 | D:5      | Reached XP level 8. HP: 47/52 MP: 8/8
  5956 | D:6      | HP: 1/78 [orc warrior/dire flail (8)]
  5960 | D:6      | Slain by an orc warrior

Vault maps used:
D:1:      nicolae_arrival_somewhat_less_tricky_arrival
D:4:      grunt_temple_overflow_open, first_bread, uniq_robin
D:6:      uniq_menkaure

Skill      XL: |  1  2  3  4  5  6  7 |
---------------+----------------------+-----
Shields        | 4 5 |  5.9
Maces & Flails | 3 4 5 |  5.8
Armour         | 4 5 |  5.3
Dodging        | 1 2 |  2.6
Fighting       | 4 |  4.9
Stealth        | 1 |  1.2

Action                   |  1- 3 |  4- 6 |  7- 9 || total
-------------------------+-------+-------+-------++-------
Melee: Flail             |   148 |   222 |   166 ||   536
  Use: Potion            |       |     1 |     9 ||    10
       Scroll            |       |       |     2 ||     2
 Stab: Invisible         |       |       |     1 ||     1
  Eat: Chunk             |     2 |     3 |     5 ||    10
       Meat ration       |       |     1 |       ||     1
       Royal jelly       |       |     1 |       ||     1
Armor: Scale mail        |    83 |   141 |   121 ||   345
       Skin              |       |       |    11 ||    11
Dodge: Dodged            |    62 |    77 |    71 ||   210
Block: Shield            |    97 |   144 |   105 ||   346
